AoeStats
← Iamak3186

Arena

503995455Analyzed
1v1 RM · 1mo ago on Sep 3, 2026· 27m 31s· 2 players
Game mode
Random Map
Map size
Tiny (2 player)
Population
200
Speed
Normal
Resources
Standard
Victory
Conquest
Starting age
Dark Age
Ending age
Imperial Age
RankedLock teamsTeams togetherTeam positionsShared explorationLock speedFull tech treeHidden civsTurbo modeCheats
Victory
Defeat
🇮🇳 Japanese · India
1245
+16
🇩🇪 Inca · Germany
1243
-16
Boblike
11:48 Loom
14:34 Feudal Age
16:06 Double-Bit Axe
16:02 Horse Collar
18:36 Castle Age
17:35 Gold Mining
Iamak3186
10:43 Feudal Age
14:45 Castle Age
13:39 Double-Bit Axe
14:32 Horse Collar
14:54 Scale Mail Armor
Connection lost

Rejoining the realm…

Still unreachable

The connection could not be restored.

Session expired

The server has moved on; the page needs a fresh start.